 Dungeon Crawl Stone Soup version 0.30-a0-272-gf98c3da03f (webtiles) character file.

Game seed: 10552109258474474060

56 Pooter the Chopper (level 3, -1/30 (46) HPs)
             Began as a Gnoll Reaver on Oct 15, 2022.
             Slain by a goblin
             ... wielding a +0 dagger
             ... led by Robin
              (2 damage)
             ... on level 2 of the Dungeon.
             The game lasted 00:08:25 (1452 turns).

Pooter the Chopper (Gnoll Reaver)                   Turns: 1452, Time: 00:08:25

HP:   -1/30 (46)    AC: 21    Str: 11    XL:     3   Next: 97%
MP:   13/18         EV:  2    Int: 14    God:
Gold: 10            SH:  0    Dex: 10    Spells: 6/12 levels left

rFire   . . .      SeeInvis .    a - +0 hand axe
rCold   . . .      Faith    .    (no shield)
rNeg    . . .      Spirit   .    (body armour currently unavailable)
rPois   +          Reflect  .    (helmet currently unavailable)
rElec   .          Harm     .    (cloak currently unavailable)
rCorr   .          Rampage  .    (gloves currently unavailable)
Will    .....      NoTele   +    (boots currently unavailable)
Stlth   +.........               (no amulet)
HPRegen 0.25/turn                e - ring of magical power
MPRegen 0.16/turn                l - ring of flight

@: brilliant, tree-form, very heavily drained
A: stationary, stasis, torment immunity, boosted hp, (fangs 1), strong nose,
distributed training
a: no special abilities


You were on level 2 of the Dungeon.
You were a tree.
You visited 1 branch of the dungeon, and saw 2 of its levels.

You collected 54 gold pieces.
You spent 44 gold pieces at shops.

Inventory:

Hand Weapons
 a - a +0 hand axe (weapon)
Missiles
 c - 3 poisoned darts
Armour
 b - a +0 leather armour (melded)
Jewellery
 e - a ring of magical power (left branch)
   (You found it on level 1 of the Dungeon)
 l - a ring of flight (right branch)
   (You found it on level 2 of the Dungeon)
Scrolls
 d - a scroll of enchant weapon {unknown}
 f - a scroll of enchant armour
 g - a scroll of poison {unknown}
 h - a scroll of fear {unknown}
 i - 2 scrolls of identify {@r1}
 j - a scroll of butterflies
 n - a scroll of summoning {unknown}
 o - a scroll of teleportation {unknown}


   Skills:
 + Level 4.6 Fighting
 + Level 1.0 Short Blades
 + Level 1.0 Long Blades
 + Level 6.5 Axes
 + Level 1.0 Maces & Flails
 + Level 1.0 Polearms
 + Level 1.0 Staves
 + Level 1.0 Ranged Weapons
 + Level 1.0 Throwing
 + Level 1.0 Armour
 + Level 4.6 Dodging
 + Level 1.0 Stealth
 + Level 1.0 Shields
 + Level 1.0 Unarmed Combat
 + Level 5.0 Spellcasting
 + Level 5.4 Conjurations
 + Level 0.7 Hexes
 + Level 0.7 Summonings
 + Level 0.7 Necromancy
 + Level 0.7 Translocations
 + Level 0.7 Transmutations
 + Level 0.7 Fire Magic
 + Level 0.7 Ice Magic
 + Level 0.7 Air Magic
 + Level 0.7 Earth Magic
 + Level 0.7 Poison Magic
 + Level 1.1 Invocations
 + Level 1.0 Evocations


You had 6 spell levels left.
You knew the following spells:

 Your Spells              Type           Power      Damage    Failure   Level
a - Kiss of Death         Conj/Necr      72%        2d10      4%          1
b - Momentum Strike       Conj/Tloc      36%        3d9       8%          2
c - Hailstorm             Conj/Ice       18%        3d6       14%         3

Your spell library contained the following spells:

 Spells                   Type           Power      Damage    Failure   Level


Dungeon Overview and Level Annotations

Branches:
Dungeon (2/15)

Altars:

Shops:
D:1 *


Innate Abilities, Weirdness & Mutations

You are a tree.
Your roots penetrate the ground, keeping you stationary.
You cannot be teleported.
You are immune to unholy pain and torment.
Your maximum health is greatly increased.
Your equipment is partially melded.
((You have very sharp teeth.))
Your uncanny sense of smell can sniff out nearby items.
Your experience applies equally to all skills.


Message History

You are poisoned.
Unknown command.
Aim: Robin, wielding a +0 club, wearing a +0 animal skin and wearing a +0 helmet (almost dead, heavily drained, 100% to hit)
The negative energy hits Robin!
Robin is drained!
You kill Robin!
You feel drained.
You feel sick. The goblin hits you but does no damage.
The goblin hits you with a +0 club.
* * * LOW HITPOINT WARNING * * *
The goblin misses you. The goblin barely misses you.
Your Short Blades skill increases to level 1!
Your Long Blades skill increases to level 1!
Your Maces & Flails skill increases to level 1!
Your Polearms skill increases to level 1!
Your Staves skill increases to level 1!
Your Ranged Weapons skill increases to level 1!
Your Throwing skill increases to level 1!
Your Armour skill increases to level 1!
Your Stealth skill increases to level 1!
Your Shields skill increases to level 1!
Your Unarmed Combat skill increases to level 1!
Your Evocations skill increases to level 1!
You barely miss the goblin. You hit the goblin.
You kill the goblin!
You hit the goblin. You closely miss the goblin.
You feel sick.
You barely miss the goblin. You bite the goblin, but do no damage.
You hit the goblin but do no damage. You hit the goblin.
You kill the goblin!
You feel sick. The goblin hits you with a +0 dagger.
* * * LOW HITPOINT WARNING * * *
The goblin hits you but does no damage.
Unknown command.
It was a potion of lignification.
You turn into a tree.
Your +0 leather armour melds into your body.
Your roots penetrate the ground.
You feel sick.
The goblin hits you but does no damage. x2
You hit the goblin but do no damage. You hit the goblin.
You kill the goblin!
You feel sick. The goblin hits you with a +0 dagger.
* * * LOW HITPOINT WARNING * * *
It was a potion of brilliance.
You feel clever all of a sudden.
* * * LOW HITPOINT WARNING * * *
You feel sick. The goblin hits you but does no damage.
You barely miss the goblin.
* * * LOW HITPOINT WARNING * * *
You feel sick.
You are no longer poisoned.
The goblin hits you but does no damage.
You closely miss the goblin. The goblin hits you with a +0 dagger.
You die...

.......<.. ..
#........#..#
###....!...#..##
#..............#
.......!........
#.>....)......
#.....))†..# .
#.....♣g...#...
##....)))......
##......#..... ..
#.#.......... .∆ #.
#.#.#........ #. #.
#.#.#.#.......#.#.##.
#...#.#.#...#.#.#..#.
##..#.#.#.#.#.#.#....
#..#.#.#.#.#.#^#.#..


You could see a goblin (strong).

Vanquished Creatures
  Robin (D:2)
  An adder (D:1)
  3 ball pythons (D:1)
  6 endoplasms
  2 giant cockroaches
  9 goblins
  4 hobgoblins
  2 quokkas (D:1)
  A bat (D:1)
  A kobold (D:2)
30 creatures vanquished.

Notes
Turn   | Place    | Note
-------+----------+-------------------------------------------
     0 | D:1      | Pooter the Gnoll Reaver began the quest for the Orb.
     0 | D:1      | Reached XP level 1. HP: 20/20 MP: 6/6
   555 | D:1      | Reached XP level 2. HP: 17/22 MP: 7/7
   580 | D:1      | Learned a level 2 spell: Momentum Strike
   803 | D:1      | Found Fiuro's General Store.
   811 | D:1      | Bought a scroll of identify for 22 gold pieces
   811 | D:1      | Bought a scroll of identify for 22 gold pieces
  1082 | D:1      | Reached skill level 5 in Spellcasting
  1082 | D:1      | Reached XP level 3. HP: 2/27 MP: 9/9
  1287 | D:1      | Learned a level 3 spell: Hailstorm
  1434 | D:2      | Reached skill level 1 in Invocations
  1436 | D:2      | Noticed Robin
  1445 | D:2      | Killed Robin
  1446 | D:2      | Reached skill level 1 in Short Blades
  1446 | D:2      | Reached skill level 1 in Long Blades
  1446 | D:2      | Reached skill level 1 in Maces & Flails
  1446 | D:2      | Reached skill level 1 in Polearms
  1446 | D:2      | Reached skill level 1 in Staves
  1446 | D:2      | Reached skill level 1 in Ranged Weapons
  1446 | D:2      | Reached skill level 1 in Throwing
  1446 | D:2      | Reached skill level 1 in Armour
  1446 | D:2      | Reached skill level 1 in Stealth
  1446 | D:2      | Reached skill level 1 in Shields
  1446 | D:2      | Reached skill level 1 in Unarmed Combat
  1446 | D:2      | Reached skill level 1 in Evocations
  1451 | D:2      | HP: 1/30 [poisoned by a goblin]
  1452 | D:2      | Slain by a goblin

Illustrated notes

Levels and vault maps discovered:
D:1:      sevenhm_arrival_forest_fort_large_4, layout_loops_corners,
          serial_shops, shop
D:2:      layout_rooms, ebering_ecumenical_altar_sacrificial,
          minmay_misc_feat_more_columns, uniq_robin

Skill      XL: |  1  2  3 |
---------------+----------+-----
Spellcasting   | 5 |  5.0
Invocations    | 1 |  1.1
Short Blades   | 1 |  1.0
Long Blades    | 1 |  1.0
Maces & Flails | 1 |  1.0
Polearms       | 1 |  1.0
Staves         | 1 |  1.0
Ranged Weapons | 1 |  1.0
Throwing       | 1 |  1.0
Armour         | 1 |  1.0
Stealth        | 1 |  1.0
Shields        | 1 |  1.0
Unarmed Combat | 1 |  1.0
Evocations     | 1 |  1.0
Fighting       | |  4.6
Axes           | |  6.5
Dodging        | |  4.6
Conjurations   | |  5.4
Hexes          | |  0.7
Summonings     | |  0.7
Necromancy     | |  0.7
Translocations | |  0.7
Transmutations | |  0.7
Fire Magic     | |  0.7
Ice Magic      | |  0.7
Air Magic      | |  0.7
Earth Magic    | |  0.7
Poison Magic   | |  0.7

Action                   || total
-------------------------++-------
Melee: Hand axe          ||    63
       Bite              ||     9
       Punch             ||     1
Throw: Dart              ||     2
 Cast: Kiss of Death     ||     4
       Hailstorm         ||     2
  Use: Scroll            ||     2
       Potion            ||     2
 Stab: Sleeping          ||     1
Armor: Leather armour    ||    16
       Skin              ||     4
Dodge: Dodged            ||    45

Table legend: (Time is in decaauts)
 A = Elapsed time spent in this place.
 B = Non-inter-level travel time spent in this place.
 C = Inter-level travel time spent in this place.
 D = Time resting spent in this place.
 E = Time spent auto-exploring this place.
 F = Levels seen in this place.
 G = Mean time per level.
                   A        B        C        D        E       F      G
               +--------+--------+--------+--------+--------+-----+--------+
         Total |   1451 |   1400 |     51 |    287 |    925 |   2 |  725.5 |
       Dungeon |   1451 |   1400 |     51 |    287 |    925 |   2 |  725.5 |
               +--------+--------+--------+--------+--------+-----+--------+

Top non-repeatable levels by time:
     D:1: 1281 daAuts
     D:2: 169 daAuts
